 Dungeon Crawl Stone Soup version 0.30-a0-782-ge64f9170bb (webtiles) character file.

Game seed: 15332628447732027545

8469 Flugslaktarn the Cleaver (level 11, -3/87 HPs)
             Began as a Demonspawn Fighter on Mar 7, 2023.
             Was an Initiate of Gozag.
             Slain by a killer bee (6 damage)
             ... on level 10 of the Dungeon.
             The game lasted 00:05:53 (9175 turns).

Flugslaktarn the Cleaver (Demonspawn Fighter)       Turns: 9175, Time: 00:05:54

Health: -3/87      AC: 16    Str: 21    XL:     11   Next: 10%
Magic:  11/11      EV:  9    Int: 10    God:    Gozag
Gold:   1056       SH:  0    Dex: 12    Spells: 10/10 levels left

rFire   . . .      SeeInvis .    a - +0 war axe
rCold   + . .      Faith    .    (no shield)
rNeg    . . .      Spirit   .    k - +3 scale mail {rC+}
rPois   .          Reflect  .    E - +2 hat
rElec   .          Harm     .    h - +0 cloak
rCorr   .          Rampage  .    (no gloves)
Will    .....                    s - +1 pair of boots Stlth
                                 v - amulet of regeneration
HPRegen 1.14/turn                (no ring)
MPRegen 0.24/turn                (no ring)

@: lethally poisoned (-3 -> -9), gold aura
A: horns 2, foul stench 1, magic regeneration, demonic touch 2
a: Renounce Religion, Potion Petition, Call Merchant, Bribe Branch


You were on level 10 of the Dungeon.
You worshipped Gozag.
Gozag was most pleased with you.
You visited 1 branch of the dungeon, and saw 10 of its levels.
You also visited: Sewer.

You collected 1466 gold pieces.
You spent 300 gold pieces at shops.
You paid 110 gold pieces to Gozag.

Inventory:

Hand Weapons
 a - a +0 war axe (weapon)
 y - a +4 battleaxe
   (You took it off a wight on level 8 of the Dungeon)
Armour
 c - a +0 buckler
 h - a +0 cloak (worn)
   (You found it on level 1 of the Dungeon)
 k - a +3 scale mail of cold resistance (worn)
   (You took it off Terence on level 2 of the Dungeon)
 s - a +1 pair of boots (worn)
   (You found it on level 3 of the Dungeon)
 u - a +0 tower shield
   (You found it on level 3 of the Dungeon)
 B - a +0 plate armour
   (You found it on level 5 of the Dungeon)
 E - a +2 hat (worn)
   (You took it off Gastronok on level 8 of the Dungeon)
Jewellery
 v - an amulet of regeneration (around neck)
   (You bought it in a shop on level 7 of the Dungeon)
Wands
 x - a wand of roots (18)
   (You found it on level 3 of the Dungeon)
 D - a wand of mindburst (15)
   (You found it on level 5 of the Dungeon)
Scrolls
 i - 2 scrolls of vulnerability
 j - 2 scrolls of fog
 l - 2 scrolls of magic mapping
 m - 2 scrolls of fear
 p - 3 scrolls of immolation
 r - a scroll of identify
 t - 8 scrolls of teleportation
 z - 3 scrolls of blinking
 C - a scroll of brand weapon {unknown}
Potions
 b - 3 potions of berserk rage {unknown}
 d - a potion of might
 e - 7 potions of flight
 f - 3 potions of haste {unknown}
 g - 2 potions of lignification
 n - 4 potions of resistance
 o - a potion of mutation {unknown}
 q - 6 potions of curing
 w - 5 potions of heal wounds
 A - 4 potions of attraction {unknown}
 F - a potion of cancellation {unknown}


   Skills:
 + Level 8.3 Fighting
 * Level 10.3 Axes
 + Level 7.6 Armour
 - Level 2.6 Shields
 * Level 7.5 Evocations


You had 10 spell levels left.
You didn't know any spells.
Your spell library was empty.

Dungeon Overview and Level Annotations

Branches:
Dungeon (10/15)            Temple (0/1) D:6            Lair (0/5) D:8
  Sewer (visited)
    Orc: D:9-12

Altars:
Cheibriados
Fedhas
Gozag
Qazlal
Trog
Xom
Yredelemnul

Shops:
D:1 :!   D:2 (   D:3 ?   D:7 =


Innate Abilities, Weirdness & Mutations

You have a pair of horns on your head.
You may rarely emit foul miasma when damaged in melee.
You regenerate magic rapidly.
Your touch may inflict irresistible damage on your foes.


Message History

The acid dragon barely misses you. The killer bee stings you.
You are poisoned.
The killer bee poisons you!
The killer bee stings you but does no damage.
You barely miss the acid dragon. You headbutt the acid dragon!
The acid dragon is severely wounded.
You barely miss the killer bee. You closely miss the killer bee.
You feel very sick. The killer bee barely misses you.
The killer bee stings you but does no damage.
The acid dragon bites you. The acid dragon claws you.
The killer bee stings you!
The killer bee stings you but does no damage.
You slash the acid dragon!
You kill the acid dragon!
You slash the killer bee! You miss the killer bee.
You feel sick.
The killer bee stings you but does no damage.
The killer bee closely misses you.
The killer bee stings you but does no damage. x2
The killer bee stings you.
You closely miss the killer bee.
You touch the killer bee.
You kill the killer bee!
You barely miss the killer bee. x2; You closely miss the killer bee.
You feel sick.
The killer bee misses you. x2; The killer bee stings you. x2
You are more poisoned.
The killer bee poisons you! The killer bee stings you.
The killer bee stings you but does no damage. x2
The killer bee is distracted by your dazzling golden aura.
The killer bee buzzes angrily.
You are too injured to fight recklessly!
You slash the killer bee!
The killer bee is no longer distracted by gold.
You headbutt the killer bee, but do no damage.
The killer bee is heavily wounded.
You barely miss the killer bee. You miss the killer bee.
You barely miss the killer bee. You slash the killer bee!
You feel very sick.
The killer bee stings you but does no damage. x2
The killer bee closely misses you.
The killer bee stings you but does no damage. x3
The killer bee stings you.
* * * LOW HITPOINT WARNING * * *
You are more poisoned.
The killer bee poisons you! The killer bee barely misses you.
The killer bee closely misses you. x2
You are too injured to fight recklessly!
You are too injured to fight recklessly!
You feel better. The killer bee closely misses you.
The killer bee stings you but does no damage. x2
The killer bee closely misses you. x3; The killer bee stings you.
You are poisoned.
The killer bee poisons you!
The killer bee stings you but does no damage. x2
The killer bee barely misses you.
You are too injured to fight recklessly!
You are too injured to fight recklessly!
You barely miss the killer bee. Your touch misses the killer bee.
You hit the killer bee. You miss the killer bee.
You hit the killer bee but do no damage.
You miss the killer bee.
You feel very sick.
The killer bee stings you but does no damage.
The killer bee closely misses you. x2
The killer bee is distracted by your dazzling golden aura.
The killer bee barely misses you.
The killer bee stings you but does no damage.
The killer bee stings you.
You are more poisoned.
The killer bee poisons you! The killer bee completely misses you.
The killer bee stings you but does no damage.
You completely miss the killer bee. You closely miss the killer bee.
The killer bee is no longer distracted by gold.
You slash the killer bee! You completely miss the killer bee.
You barely miss the killer bee.
You feel very sick. The killer bee closely misses you.
The killer bee stings you but does no damage. x2
The killer bee is distracted by your dazzling golden aura.
The killer bee stings you but does no damage. x3
The killer bee stings you.
* * * LOW HITPOINT WARNING * * *
You are more poisoned.
The killer bee poisons you! The killer bee stings you.
* * * LOW HITPOINT WARNING * * *
The killer bee buzzes angrily.
You closely miss the killer bee. x2; You hit the killer bee. x2
You closely miss the killer bee.
The killer bee is no longer distracted by gold.
You are no longer corroded.
You feel very sick.
The killer bee stings you but does no damage.
The killer bee barely misses you. The killer bee stings you.
* * * LOW HITPOINT WARNING * * *
The killer bee stings you but does no damage.
The killer bee barely misses you. The killer bee stings you.
* * * LOW HITPOINT WARNING * * *
You emit a cloud of foul miasma!
The killer bee closely misses you. x2
The killer bee barely misses you. The killer bee stings you.
You die...
Your body crumbles into a pile of gold.

#.# #.# #.#
#.# #.# #.#
#.#
#.#######...
#..y@y......
#..yyy...###
#........#
#........#
##+#####+#


You could see 5 killer bees.

Vanquished Creatures
  Gastronok (D:8)
  2 two-headed ogres (D:8)
  Joseph (D:7)
  Maggie (D:6)
  A hornet (D:8)
  2 wyverns
  Eustachio (D:4)
  A water moccasin (D:5)
  An acid dragon (D:10)
  4 orc warriors
  2 black bears
  An ice beast (D:5)
  3 ogres (D:5)
  7 centaurs
  A kobold brigand (D:6)
  6 bullfrogs
  2 necrophages (D:5)
  3 scorpions (D:4)
  10 wights
  2 gnoll sergeants
  11 killer bees
  A howler monkey (D:4)
  5 hounds
  2 lava snakes (D:7)
  3 jellies
  5 orc priests
  Terence (D:2)
  2 gnoll boudas
  6 iguanas
  7 orc wizards
  A sickly merfolk siren (Sewer)
  A malarious merfolk avatar (Sewer)
  13 adders
  20 gnolls
  3 river rats
  A shadow imp (D:5)
  A white imp (D:5)
  2 ufetubi
  3 worms
  2 dart slugs
  40 orcs
  9 ball pythons
  9 endoplasms
  5 giant cockroaches
  9 goblins
  13 hobgoblins
  4 jackals (D:3)
  8 quokkas
  5 bats
  5 frilled lizards
  19 kobolds
  31 rats
299 creatures vanquished.

Vanquished Creatures (others)
  7 fungi (D:8)
  11 plants (D:8)
18 creatures vanquished.

Grand Total: 317 creatures vanquished

Notes
Turn   | Place    | Note
-------+----------+-------------------------------------------
     0 | D:1      | Flugslaktarn the Demonspawn Fighter began the quest for the
                  | Orb.
     0 | D:1      | Reached XP level 1. HP: 18/18 MP: 1/1
   101 | D:1      | Found Luogoeps's Vocational Training.
   111 | D:1      | Reached skill level 2 in Axes
   201 | D:1      | Discovered your monstrous ancestry.
   201 | D:1      | Gained mutation: You have a pair of small horns on your
                  | head. [demonic ancestry]
   201 | D:1      | Reached XP level 2. HP: 13/24 MP: 2/2
   510 | D:1      | You fall into a shaft and drop 1 floor!
   646 | D:1      | Found Baimuet's Distillery.
   652 | D:1      | Gained mutation: Your touch may inflict minor irresistible
                  | damage on your foes. [demonic ancestry]
   652 | D:1      | Reached XP level 3. HP: 29/29 MP: 3/3
  1410 | D:2      | Noticed Terence
  1422 | D:2      | Killed Terence
  1423 | D:2      | Reached skill level 3 in Axes
  1423 | D:2      | Reached XP level 4. HP: 25/35 MP: 4/4
  1724 | D:2      | Found Hemokagg's Weapon Shop.
  2448 | D:3      | Found Itoes's Magic Scroll Shop.
  2546 | D:3      | Found a stormy altar of Qazlal.
  3058 | D:4      | Gained mutation: Your touch may inflict irresistible damage
                  | on your foes. [demonic ancestry]
  3058 | D:4      | Reached XP level 5. HP: 42/42 MP: 5/5
  3148 | D:4      | Found a glowing drain.
  3156 | Sewer    | Entered a sewer
  3233 | Sewer    | Reached skill level 4 in Axes
  3329 | Sewer    | Gained mutation: You have a pair of horns on your head.
                  | [demonic ancestry]
  3329 | Sewer    | Reached XP level 6. HP: 48/48 MP: 6/6
  4043 | D:4      | Noticed Eustachio
  4052 | D:4      | Killed Eustachio
  4053 | D:4      | Reached skill level 5 in Axes
  4053 | D:4      | Reached XP level 7. HP: 51/55 MP: 7/7
  4123 | D:4      | Reached skill level 5 in Fighting
  4278 | D:5      | Entered Level 5 of the Dungeon
  4288 | D:5      | Reached skill level 6 in Axes
  4297 | D:5      | Identified the +2 robe of the Lute {Drain +Blink rCorr}
  4356 | D:5      | Reached skill level 5 in Armour
  4356 | D:5      | Reached XP level 8. HP: 33/63 MP: 8/8
  4712 | D:5      | Found a basalt altar of Yredelemnul.
  4714 | D:5      | Found a bloodstained altar of Trog.
  4714 | D:5      | Found a blossoming altar of Fedhas.
  4715 | D:5      | Found a shimmering altar of Xom.
  4951 | D:5      | Found an opulent altar of Gozag.
  4955 | D:5      | Reached skill level 7 in Axes
  5159 | D:5      | Identified the +1 scale mail of Ukhukloju {Will- Dex+6}
  5325 | D:5      | Became a worshipper of Gozag Ym Sagoz the Greedy
  5419 | D:6      | Found a snail-covered altar of Cheibriados.
  5538 | D:6      | Found a staircase to the Ecumenical Temple.
  5630 | D:6      | Noticed Maggie
  5646 | D:6      | Killed Maggie
  5647 | D:6      | Reached skill level 1 in Evocations
  5647 | D:6      | Reached XP level 9. HP: 57/71 MP: 9/9
  6304 | D:7      | Found Weum's Jewellery Shop.
  6307 | D:7      | Bought an amulet of regeneration for 300 gold pieces
  6346 | D:7      | Reached skill level 8 in Axes
  6413 | D:7      | Noticed Joseph
  6423 | D:7      | Killed Joseph
  7374 | D:8      | Reached skill level 9 in Axes
  7374 | D:8      | Reached skill level 5 in Evocations
  7409 | D:8      | Gained mutation: You may rarely emit foul miasma when
                  | damaged in melee. [demonic ancestry]
  7409 | D:8      | Reached XP level 10. HP: 44/79 MP: 10/10
  7641 | D:8      | Found a staircase to the Lair.
  7707 | D:8      | Noticed Gastronok
  7724 | D:8      | Killed Gastronok
  7775 | D:8      | Noticed a two-headed ogre
  7783 | D:8      | Killed a two-headed ogre
  8064 | D:8      | Noticed a two-headed ogre
  8067 | D:8      | Killed a two-headed ogre
  8068 | D:8      | Reached skill level 10 in Axes
  8785 | D:9      | Gained mutation: You regenerate magic rapidly. [demonic
                  | ancestry]
  8785 | D:9      | Reached XP level 11. HP: 68/85 MP: 11/11
  9022 | D:10     | Entered Level 10 of the Dungeon
  9175 | D:10     | HP: 3/87 [killer bee (5)]
  9175 | D:10     | Slain by a killer bee

Illustrated notes

Levels and vault maps discovered:
D:1:      lemuel_arrival_river_ford, layout_basic, serial_shops,
          nicolae_shop_temple_entry_statues_fountains, nicolae_shop_vocational
D:2:      layout_basic, serial_shops, nicolae_shop_bloodbath_and_beyond,
          uniq_terence
D:3:      layout_basic, lemuel_tele_altar, serial_shops, nicolae_diamond_shop,
          serial_glass, glass_columns_a, glass_columns_c, minivault_5
D:4:      layout_cave_pools, lightli_sewer_entry_pipes, minmay_joined_circles,
          uniq_eustachio
D:5:      minmay_octagon_keep, layout_basic, kennysheep_mini_moat,
          chequers_temple_overflow_statue_of_worship
D:6:      layout_basic, old_standard_altar, minmay_temple_entry_glassed_door,
          minmay_misc_feat_secret_circle, hangedman_decor_peaks_small,
          uniq_maggie
D:7:      layout_loops_ring, serial_shops, nicolae_stop_n_shop_1,
          kennysheep_pointless_box, kennysheep_boxes, uniq_joseph
D:8:      layout_loops_corners, grunt_lair_entry_orc_guard_hut, uniq_gastronok
D:9:      layout_roguey, abandoned_shop
D:10:     layout_irregular_city, lemuel_zombie_altar_kikubaaqudgha,
          nemelex_altar_shiori, hiddenorc1_lemuel, uniq_amaemon

Skill      XL: |  1  2  3  4  5  6  7  8  9 10 |
---------------+-------------------------------+-----
Axes           | 2 3 4 5 6 7 9 10 | 10.3
Armour         | 3 4 5 6 7 |  7.6
Fighting       | 4 5 6 7 8 |  8.3
Evocations     | 1 5 7 |  7.5
Shields        | |  2.6

Action                     |  1- 3 |  4- 6 |  7- 9 | 10-12 || total
---------------------------+-------+-------+-------+-------++-------
  Melee: War axe           |    89 |   188 |   258 |   170 ||   705
         Headbutt          |     9 |    29 |    50 |    39 ||   127
         Touch             |       |    14 |    64 |    28 ||   106
         Punch             |       |     1 |     6 |     1 ||     8
  Evoke: Wand              |       |     2 |     1 |       ||     3
    Use: Scroll            |       |     6 |     2 |     4 ||    12
         Potion            |       |     2 |     1 |     1 ||     4
   Stab: Distracted        |       |       |       |     1 ||     1
 Armour: Scale mail        |    50 |   110 |   125 |   109 ||   394
  Dodge: Dodged            |    42 |    81 |   143 |    98 ||   364
  Block: Buckler           |    19 |    19 |       |       ||    38

Table legend: (Time is in decaauts)
 A = Elapsed time spent in this place.
 B = Non-inter-level travel time spent in this place.
 C = Inter-level travel time spent in this place.
 D = Time resting spent in this place.
 E = Time spent auto-exploring this place.
 F = Levels seen in this place.
 G = Mean time per level.
                   A        B        C        D        E       F      G
               +--------+--------+--------+--------+--------+-----+--------+
         Total |   9391 |   8990 |    401 |    403 |   6753 |  11 |  853.7 |
       Dungeon |   8957 |   8556 |    401 |    403 |   6506 |  10 |  895.7 |
         Sewer |    434 |    434 |      0 |      0 |    247 |   1 |  434.0 |
               +--------+--------+--------+--------+--------+-----+--------+

Top non-repeatable levels by time:
     D:1: 1308 daAuts
     D:8: 1225 daAuts
     D:5: 1076 daAuts
     D:4: 975 daAuts
     D:6: 965 daAuts
     D:3: 961 daAuts
     D:7: 951 daAuts
     D:2: 785 daAuts
     D:9: 554 daAuts
   Sewer: 434 daAuts
    D:10: 152 daAuts
